EL
TRENTON THUNDER @ ERIE SEAWOLVES
08/03/2048
 
TOP OF THE 1ST
Trenton Thunder batting - Pitching for Erie SeaWolves : RHP Andy Miller
Pitching: RHP Andy Miller
Batting: RHB Bryan Westray 0-0: Foul Ball, location: 2F
0-1: Foul Ball, location: 2F
0-2: Strikes out looking
Batting: RHB Tim Osborn 0-0: Ball
1-0: Fly out, F7 (Flyball, 7D, EV 88.1 MPH)
Batting: LHB Jared Zulkowski 0-0: Foul Ball, location: 2F
0-1: Ball
1-1: Ball
2-1: Ball
3-1: Base on Balls
Batting: SHB Jay Gagnon 0-0: Ball
1-0: Fly out, F9 (Flyball, 89D, EV 93.8 MPH)
Top of the 1st over - 0 runs, 0 hits, 0 errors, 1 left on base; Trenton 0 - Erie 0
BOTTOM OF THE 1ST
Erie SeaWolves batting - Pitching for Trenton Thunder : RHP Ken Howington
Pitching: RHP Ken Howington
Batting: RHB Eric Angelle 0-0: Called Strike
0-1: Ball
1-1: Foul Ball, location: 2F
1-2: Ball
2-2: Ball
3-2: Reached via error on a dropped throw from SS, E3 (Groundball, 6S, EV 87.5 MPH)
Batting: RHB Tony Soto 0-0: Called Strike
0-1: Swinging Strike
0-2: SINGLE (Line Drive, 89S, EV 95.0 MPH)
Eric Angelle to second
Runner from 2nd tries for 3rd, OUT! 8-5
Batting: LHB Dave Carlisle 0-0: Fly out, F7 (Line Drive, 7S, EV 91.2 MPH)
Batting: RHB John Evancho 0-0: Fielders Choice at 2nd, 5-4 (Groundball, 56, EV 80.6 MPH)
Bottom of the 1st over - 0 runs, 1 hit, 1 error, 1 left on base; Trenton 0 - Erie 0
TOP OF THE 2ND
Trenton Thunder batting - Pitching for Erie SeaWolves : RHP Andy Miller
Batting: RHB Sam Hubbert 0-0: Ball
1-0: Reached via error on a dropped throw from 1B, E1 (Groundball, 13, EV 79.4 MPH)
Batting: SHB Houston Phillips 0-0: Ball
1-0: Swinging Strike
1-1: Reached on error, E5 (Groundball, 56S, EV 77.5 MPH)
Sam Hubbert to second
Batting: SHB David Stewart 0-0: Called Strike
0-1: Fielders Choice at 2nd, 3-6 (Groundball, 3, EV 78.1 MPH)
Sam Hubbert to third
Batting: RHB Phil Reeves 0-0: Called Strike
0-1: Ball
1-1: Fly out, F6 (Popup, 6MD, EV 60.0 MPH)
Batting: RHB Ben Kidder 0-0: Foul Ball, location: 2F
0-1: Foul Ball, location: 2F
0-2: Foul Ball, location: 2F
0-2: Ball
1-2: Ball
2-2: SINGLE (Groundball, 34D, EV 97.5 MPH)
Sam Hubbert scores
David Stewart to second
Runner from 2nd tries for 3rd, OUT! 9-5
Top of the 2nd over - 1 run, 1 hit, 2 errors, 1 left on base; Trenton 1 - Erie 0
BOTTOM OF THE 2ND
Erie SeaWolves batting - Pitching for Trenton Thunder : RHP Ken Howington
Batting: RHB Benny O'Connor 0-0: Called Strike
0-1: Ball
1-1: Foul Ball, location: 2F
1-2: Ball
2-2: Ball
3-2: Base on Balls
Batting: RHB Carlos Armenteros 0-0: SINGLE (Groundball, 6MD, EV 96.9 MPH)
Benny O'Connor to second
Runner from 2nd tries for 3rd, SAFE, throw by CF made to third
Batting: SHB Sean Foley 0-0: Called Strike
0-1: Ball
1-1: Foul Ball, location: 2F
1-2: Fielders Choice at 2nd, 5-4 (Groundball, 56S, EV 85.0 MPH)
Benny O'Connor scores
Batting: RHB Tanner Purchase 0-0: Swinging Strike
0-1: Ball
1-1: Foul Ball, location: 2F
1-2: TRIPLE (Line Drive, 9LD, EV 114.4 MPH)
Sean Foley scores
Batting: RHB Jose Evangelista 0-0: Ball
1-0: Foul Ball, location: 2F
1-1: Foul Ball, location: 2F
1-2: Strikes out swinging
Batting: RHB Eric Angelle 0-0: Ball
1-0: Called Strike
1-1: Foul Ball, location: 2F
1-2: Foul Ball, location: 2F
1-2: Ball
2-2: Strikes out swinging
Bottom of the 2nd over - 2 runs, 2 hits, 0 errors, 1 left on base; Trenton 1 - Erie 2
TOP OF THE 3RD
Trenton Thunder batting - Pitching for Erie SeaWolves : RHP Andy Miller
Now at 3B: Adam MacConnell
Batting: RHB Bryan Westray 0-0: Ball
1-0: SINGLE (Groundball, 25, EV 64.4 MPH) (infield hit)
Batting: RHB Tim Osborn 0-0: Swinging Strike
0-1: Ball
1-1: Ball
2-1: Swinging Strike
2-2: Ball
Bryan Westray steals 2nd base
3-2: Base on Balls
Batting: LHB Jared Zulkowski 0-0: Called Strike
0-1: Foul Ball, location: 2F
0-2: Foul Ball, location: 2F
0-2: Ball
1-2: Fielders Choice at 2nd, 1-4 (Groundball, 15S, EV 73.8 MPH)
Bryan Westray to third
Batting: SHB Jay Gagnon 0-0: Ball
1-0: Swinging Strike
1-1: Called Strike
1-2: SINGLE (Groundball, 6S, EV 70.6 MPH) (infield hit)
Bryan Westray scores
Jared Zulkowski to second
Batting: RHB Sam Hubbert 0-0: Ball
1-0: Fly out, F7 (Flyball, 7D, EV 95.0 MPH)
Batting: SHB Houston Phillips 0-0: Ball
1-0: SINGLE (Groundball, 34D, EV 102.5 MPH)
Jared Zulkowski to third
Jay Gagnon to second
Runner from 3rd tries for Home, SAFE, throw by RF to home
Batting: SHB David Stewart 0-0: Ball
1-0: Swinging Strike
1-1: Swinging Strike
1-2: Strikes out looking
Top of the 3rd over - 2 runs, 3 hits, 0 errors, 2 left on base; Trenton 3 - Erie 2
BOTTOM OF THE 3RD
Erie SeaWolves batting - Pitching for Trenton Thunder : RHP Ken Howington
Batting: RHB Adam MacConnell 0-0: Ball
1-0: Foul Ball, location: 2F
1-1: Ground out 5-3 (Groundball, 5, EV 98.8 MPH)
Batting: LHB Dave Carlisle 0-0: SINGLE (Flyball, 4MD, EV 96.9 MPH)
Batting: RHB John Evancho 0-0: Ball
1-0: Foul Ball, location: 2F
1-1: Grounds into double play, 5-4-3 (Groundball, 5, EV 87.5 MPH)
Bottom of the 3rd over - 0 runs, 1 hit, 0 errors, 0 left on base; Trenton 3 - Erie 2
TOP OF THE 4TH
Trenton Thunder batting - Pitching for Erie SeaWolves : RHP Andy Miller
Batting: RHB Phil Reeves 0-0: Foul Ball, location: 2F
0-1: Ball
1-1: Foul Ball, location: 2F
1-2: Foul Ball, location: 2F
1-2: Strikes out swinging
Batting: RHB Ben Kidder 0-0: SINGLE (Line Drive, 34D, EV 106.2 MPH)
Batting: RHB Bryan Westray 0-0: Called Strike
0-1: Foul Ball, location: 2F
0-2: Ball
1-2: Fly out, F9 (Flyball, 89S, EV 84.4 MPH)
Batting: RHB Tim Osborn 0-0: Ball
1-0: Called Strike
1-1: Called Strike
Ben Kidder is caught stealing 2nd base 2-4
Top of the 4th over - 0 runs, 1 hit, 0 errors, 0 left on base; Trenton 3 - Erie 2
BOTTOM OF THE 4TH
Erie SeaWolves batting - Pitching for Trenton Thunder : RHP Ken Howington
Batting: RHB Benny O'Connor 0-0: Ball
1-0: Called Strike
1-1: Ground out 6-3 (Groundball, 6, EV 86.2 MPH)
Batting: RHB Carlos Armenteros 0-0: Called Strike
0-1: Ball
1-1: Fly out, F7 (Flyball, 7, EV 91.9 MPH)
Batting: SHB Sean Foley 0-0: Ball
1-0: Foul Ball, location: 2F
1-1: Swinging Strike
1-2: Fly out, F4 (Line Drive, 4, EV 73.8 MPH)
Bottom of the 4th over - 0 runs, 0 hits, 0 errors, 0 left on base; Trenton 3 - Erie 2
TOP OF THE 5TH
Trenton Thunder batting - Pitching for Erie SeaWolves : RHP Andy Miller
Batting: RHB Tim Osborn 0-0: Ball
1-0: Foul Ball, location: 2F
1-1: Ball
2-1: Called Strike
2-2: Foul Ball, location: 2F
2-2: Foul Ball, location: 2F
2-2: Strikes out looking
Batting: LHB Jared Zulkowski 0-0: Ball
1-0: Ball
2-0: Ball
3-0: Base on Balls
Batting: SHB Jay Gagnon 0-0: Swinging Strike
0-1: Swinging Strike
0-2: Fly out, F7 (Flyball, 78D, EV 78.8 MPH)
Batting: RHB Sam Hubbert 0-0: Foul Ball, location: 2F
0-1: Called Strike
0-2: Strikes out swinging
Top of the 5th over - 0 runs, 0 hits, 0 errors, 1 left on base; Trenton 3 - Erie 2
BOTTOM OF THE 5TH
Erie SeaWolves batting - Pitching for Trenton Thunder : RHP Ken Howington
Batting: RHB Tanner Purchase 0-0: Called Strike
0-1: Fly out, F9 (Flyball, 89S, EV 78.1 MPH)
Batting: RHB Jose Evangelista 0-0: Foul Ball, location: 2F
0-1: Ball
1-1: Called Strike
1-2: Ball
2-2: Ball
3-2: Base on Balls
Batting: RHB Eric Angelle 0-0: Ball
1-0: Called Strike
1-1: Ball
2-1: Fly out, F7 (Flyball, 78M, EV 96.2 MPH)
Batting: RHB Adam MacConnell 0-0: Ball
Pickoff Throw to First - Out! 1-3
Bottom of the 5th over - 0 runs, 0 hits, 0 errors, 0 left on base; Trenton 3 - Erie 2
TOP OF THE 6TH
Trenton Thunder batting - Pitching for Erie SeaWolves : RHP Andy Miller
Batting: SHB Houston Phillips 0-0: Called Strike
0-1: Ball
1-1: Ball
2-1: Foul Ball, location: 2F
2-2: Foul Ball, location: 2F
2-2: Ground out U3 (Groundball, 3, EV 90.6 MPH)
Batting: SHB David Stewart 0-0: Ball
1-0: Called Strike
1-1: Ball
2-1: Ball
3-1: Base on Balls
Batting: RHB Phil Reeves 0-0: Swinging Strike
0-1: Swinging Strike
0-2: Ball
1-2: Strikes out swinging
Batting: RHB Ben Kidder 0-0: Ball
1-0: Ground out 4-3 (Groundball, 4, EV 102.5 MPH)
Top of the 6th over - 0 runs, 0 hits, 0 errors, 1 left on base; Trenton 3 - Erie 2
BOTTOM OF THE 6TH
Erie SeaWolves batting - Pitching for Trenton Thunder : RHP Ken Howington
Batting: RHB Adam MacConnell 0-0: Ball
1-0: Ball
2-0: Called Strike
2-1: Foul Ball, location: 2F
2-2: Strikes out swinging
Batting: LHB Dave Carlisle 0-0: Called Strike
0-1: Foul Ball, location: 2F
0-2: Ball
1-2: Foul Ball, location: 2F
1-2: Strikes out swinging
Batting: RHB John Evancho 0-0: Swinging Strike
0-1: Ball
1-1: Ball
2-1: Ground out 1-3 (Groundball, 15S, EV 77.5 MPH)
Bottom of the 6th over - 0 runs, 0 hits, 0 errors, 0 left on base; Trenton 3 - Erie 2
TOP OF THE 7TH
Trenton Thunder batting - Pitching for Erie SeaWolves : RHP Andy Miller
Batting: RHB Bryan Westray 0-0: Called Strike
0-1: Swinging Strike
0-2: Ball
1-2: Ball
2-2: Strikes out swinging
Pitching: RHP Juan Cornejo
Batting: RHB Tim Osborn 0-0: Foul Ball, location: 2F
0-1: Foul Ball, location: 2F
0-2: Hit by Pitch
Batting: LHB Jared Zulkowski 0-0: Called Strike
0-1: Ball
1-1: DOUBLE (Line Drive, 3D, EV 105.0 MPH)
Tim Osborn to third
Batting: SHB Jay Gagnon 0-0: Intentional Walk
Batting: RHB Sam Hubbert 0-0: Called Strike
0-1: Called Strike
0-2: Ball
1-2: Strikes out swinging
Batting: SHB Houston Phillips 0-0: Ball
1-0: Called Strike
1-1: Fielders Choice at 2nd, 6-4 (Groundball, 6, EV 101.9 MPH)
Top of the 7th over - 0 runs, 1 hit, 0 errors, 3 left on base; Trenton 3 - Erie 2
BOTTOM OF THE 7TH
Erie SeaWolves batting - Pitching for Trenton Thunder : RHP Ken Howington
Batting: RHB Benny O'Connor 0-0: DOUBLE (Line Drive, 9LM, EV 108.8 MPH)
Batting: RHB Carlos Armenteros 0-0: Called Strike
0-1: Foul Ball, location: 2F
0-2: Ball
1-2: Ball
2-2: Foul Ball, location: 2F
2-2: Strikes out swinging
Batting: SHB Sean Foley 0-0: Ball
1-0: Swinging Strike
1-1: Ground out 4-3 (Groundball, 4, EV 84.4 MPH)
Benny O'Connor to third
Batting: RHB Tanner Purchase 0-0: Called Strike
0-1: SINGLE (Flyball, 4D, EV 90.0 MPH)
Benny O'Connor scores
Batting: RHB Jose Evangelista 0-0: Called Strike
Tanner Purchase steals 2nd base (no throw)
0-1: Foul Ball, location: 2F
0-2: Ball
1-2: Strikes out swinging
Bottom of the 7th over - 1 run, 2 hits, 0 errors, 1 left on base; Trenton 3 - Erie 3
TOP OF THE 8TH
Trenton Thunder batting - Pitching for Erie SeaWolves : RHP Juan Cornejo
Batting: SHB David Stewart 0-0: Ball
1-0: Ball
2-0: Swinging Strike
2-1: Ball
3-1: Base on Balls
Batting: RHB Phil Reeves 0-0: Called Strike
0-1: Ball
1-1: Called Strike
1-2: Ball
2-2: Foul Ball, location: 2F
2-2: Strikes out swinging
Pinch Hitting: RHB Javier Umanzor 0-0: Fly out, F7 (Flyball, 7LD, EV 72.5 MPH)
Batting: RHB Bryan Westray 0-0: Ball
David Stewart steals 2nd base
1-0: Ball
2-0: Swinging Strike
2-1: SINGLE (Groundball, 6MD, EV 110.6 MPH)
David Stewart to third
Runner from 3rd tries for Home, SAFE, throw by CF to home
Pitching: RHP Denzel McPherson
Batting: RHB Tim Osborn 0-0: Called Strike
0-1: Foul Ball, location: 2F
0-2: Ball
1-2: Strikes out looking
Top of the 8th over - 1 run, 1 hit, 0 errors, 1 left on base; Trenton 4 - Erie 3
BOTTOM OF THE 8TH
Erie SeaWolves batting - Pitching for Trenton Thunder : RHP Ken Howington
Pitching: RHP David Durr
Now at 3B: Roberto Tena
Batting: RHB Eric Angelle 0-0: Ball
1-0: Ball
2-0: Ball
3-0: Called Strike
3-1: Called Strike
3-2: Base on Balls
Batting: RHB Adam MacConnell 0-0: Called Strike
0-1: Called Strike
0-2: Strikes out swinging
Pitching: LHP Jon Moore
Batting: LHB Dave Carlisle 0-0: Called Strike
0-1: Foul Ball, location: 2F
0-2: Strikes out swinging
Batting: RHB John Evancho 0-0: Called Strike
0-1: Ball
1-1: Called Strike
1-2: Strikes out looking
Bottom of the 8th over - 0 runs, 0 hits, 0 errors, 1 left on base; Trenton 4 - Erie 3
TOP OF THE 9TH
Trenton Thunder batting - Pitching for Erie SeaWolves : RHP Denzel McPherson
Batting: LHB Jared Zulkowski 0-0: Ball
1-0: Ball
2-0: Called Strike
2-1: Foul Ball, location: 2F
2-2: Strikes out looking
Batting: SHB Jay Gagnon 0-0: Ground out 5-3 (Groundball, 56S, EV 93.1 MPH)
Batting: RHB Sam Hubbert 0-0: Swinging Strike
0-1: Foul Ball, location: 2F
0-2: Ball
1-2: Ball
2-2: SINGLE (Groundball, 6MD, EV 99.4 MPH)
Batting: SHB Houston Phillips 0-0: Ball
1-0: Ball
2-0: Called Strike
2-1: DOUBLE (Flyball, 89D, EV 87.5 MPH)
Sam Hubbert to third
Batting: SHB David Stewart 0-0: Called Strike
0-1: Ground out 6-3 (Groundball, 6, EV 81.9 MPH)
Top of the 9th over - 0 runs, 2 hits, 0 errors, 2 left on base; Trenton 4 - Erie 3
BOTTOM OF THE 9TH
Erie SeaWolves batting - Pitching for Trenton Thunder : LHP Jon Moore
Pitching: RHP Antonio Castillo
Batting: RHB Benny O'Connor 0-0: Foul Ball, location: 2F
0-1: Fly out, F9 (Flyball, 9, EV 81.2 MPH)
Batting: RHB Carlos Armenteros 0-0: Called Strike
0-1: Ball
1-1: Foul Ball, location: 2F
1-2: Ball
2-2: Ball
3-2: Ground out 4-3 (Groundball, 4, EV 89.4 MPH)
Batting: SHB Sean Foley 0-0: Foul Ball, location: 2F
0-1: Ball
1-1: Swinging Strike
1-2: Ground out 4-3 (Groundball, 4, EV 92.5 MPH)
Bottom of the 9th over - 0 runs, 0 hits, 0 errors, 0 left on base; Trenton 4 - Erie 3
Tuesday, March 28th , 2023 - OOTP Baseball 23.10 Build 110